 Dungeon Crawl Stone Soup version 0.31.0-12-g77e489cdc1 (webtiles) character file.

Game seed: 10623083641338933560

30247 Gadfly the Prestidigitator (level 13, 0/117 HPs)
             Began as an Armataur Fighter on Feb 28, 2024.
             Was a High Priest of the Shining One.
             Slain by a redback (16 damage)
             ... in a Gauntlet.
             The game lasted 00:25:44 (15877 turns).

Gadfly the Prestidigitator (Armataur Fighter)      Turns: 15877, Time: 00:25:44

Health: 0/117      AC: 30    Str: 24    XL:     13   Next: 19%
Magic:  14/21      EV:  4    Int: 12    God:    the Shining One [*****.]
Gold:   891        SH: 15    Dex: 11    Spells: 6/12 levels left

rFire   + . .        a - +2 morningstar (protect)
rCold   . . .        j - +0 kite shield
rNeg    + + .        e - +0 plate armour
rPois   +            k - +1 helmet
rElec   .            h - +1 cloak
rCorr   .            w - +1 pair of gloves {infuse}
SInv    .            (no barding)
Will    .....        n - amulet of reflection Stlth
                     v - +4 ring of protection
HPRegen 0.39/turn    I - ring of poison resistance
MPRegen 0.17/turn

%: no teleportation, reflection, roll, infuse magic (1 MP)
@: lethally poisoned (0 -> -30), under a protective aura, glowing
A: large, deformed body, tough skin 3, armoured tail, roll 2, clever 1, fire
resistance 1, robust 1
a: Renounce Religion, Divine Shield, Cleansing Flame, Summon Divine Warrior


You were in a Gauntlet.
You worshipped the Shining One.
The Shining One was extremely pleased with you.
You visited 3 branches of the dungeon, and saw 15 of its levels.
You also visited: Bailey and Gauntlet.

You collected 891 gold pieces.

Inventory:

Hand Weapons
 a - a +2 morningstar of protection (weapon)
 b - a +1 heavy mace
 y - a +3 flail of draining
 J - a +1 scimitar of flaming
 M - a -1 demon whip of venom
Armour
 e - a +0 plate armour (worn)
 h - a +1 cloak (worn)
 j - a +0 kite shield (worn)
 k - a +1 helmet (worn)
 w - a +1 pair of gloves of infusion (worn)
 E - +0 acid dragon scales
Jewellery
 n - an amulet of reflection (around neck)
 t - a ring of protection from fire
 v - a +4 ring of protection (left hand)
 z - a ring of flight
 C - an amulet of the acrobat
 D - a ring of willpower
 G - a ring of fire
 I - a ring of poison resistance (right hand)
Wands
 l - a wand of roots (14)
 q - a wand of mindburst (8) (quivered)
 B - a wand of paralysis (11)
Scrolls
 c - 4 scrolls of teleportation
 o - 2 scrolls of blinking
 s - 2 scrolls of identify
 x - a scroll of poison
 H - a scroll of fog
 L - a scroll of enchant weapon
 O - a scroll of enchant armour
Potions
 d - 4 potions of might
 f - 4 potions of curing
 g - 6 potions of heal wounds
 i - a potion of berserk rage
 m - a potion of enlightenment
 p - 2 potions of magic
 r - a potion of lignification
 A - 2 potions of attraction
 F - a potion of haste
 K - 2 potions of mutation
 P - a potion of ambrosia


   Skills:
 + Level 7.8 Fighting
 * Level 10.1 Maces & Flails
 + Level 9.8 Armour
 + Level 9.1 Shields
 * Level 10.8 Invocations
 * Level 10.8 Evocations


You had 6 spell levels left.
You knew the following spells:

 Your Spells              Type           Power      Damage    Failure   Level
a - Swiftness             Air            0%         N/A       100%        3
b - Passwall              Erth           0%         N/A       100%        3

Your spell library contained the following spells:

 Spells                   Type           Power      Damage    Failure   Level
 Apportation              Tloc           0%         N/A       100%        1
 Freeze                   Ice            0%         1d3       100%        1
 Necrotise                Necr           0%         1d4       100%        1
 Sandblast                Erth           0%         2d4       100%        1
 Sting                    Conj/Alch      0%         1d3       100%        1
 Summon Small Mammal      Summ           0%         N/A       100%        1
 Ensorcelled Hibernation  Hex/Ice        0%         N/A       100%        2
 Static Discharge         Conj/Air       0%         3-3/arc   100%        2
 Frozen Ramparts          Ice            0%         1d1       100%        3
 Hailstorm                Conj/Ice       0%         3d5       100%        3
 Stone Arrow              Conj/Erth      0%         3d7       100%        3
 Summon Ice Beast         Ice/Summ       0%         N/A       100%        3
 Airstrike                Air            0%         2d(0-16)  100%        4
 Brom's Barrelling Bould  Conj/Erth      0%         2d3       100%        4
 Summon Lightning Spire   Summ/Air       0%         N/A       100%        4
 Summon Mana Viper        Hex/Summ       0%         N/A       100%        5
 Monstrous Menagerie      Summ           0%         N/A       100%        7


Dungeon Overview and Level Annotations

Branches:
Dungeon (10/15)            Temple (1/1) D:7            Lair (4/5) D:8
  Swamp (0/4) Lair:3       Spider (0/4) Lair:2        Slime (0/5) Lair:4
    Orc (0/2) D:10         Bailey (visited)         Gauntlet (1/1)

Altars:
Ashenzari
Cheibriados
Dithmenos
Elyvilon
Fedhas
Gozag
Hepliaklqana
Kikubaaqudgha
Makhleb
Nemelex Xobeh
Okawaru
Qazlal
Ru
Sif Muna
Trog
Uskayaw
Vehumet
Wu Jian
Xom
Yredelemnul
Zin
The Shining One

Shops:
D:6 (   D:7 *   D:10 (

Annotations:
Temple 2 transporters
Lair:2 3 runed translucent doors, hexenhour's ghost, journeyman HOFi; lordive's ghost, journeyman GrEE; spaghetti's ghost, journeyman DsHu; surfboardsofcanada's ghost, journeyman VSFi Gauntlet 13 transporters


Innate Abilities, Weirdness & Mutations

Armour fits poorly on your strangely shaped body.
You have extremely tough skin. (AC +3)
You have a long armoured tail.
You regenerate magic and health when rolling toward enemies. (Rampage Regen)
Your mind is acute. (Int +4, Str/Dex -1)
Your flesh is heat resistant. (rF+)
You are robust. (+10% HP)


Message History

The moth of wrath bites you but does no damage.
The redback bites you!
You puncture the moth of wrath!
You kill the moth of wrath!
You block the redback's attack. x3
The redback bites you but does no damage. x2
Unknown command.
The redback bites you but does no damage. x2
The redback bites you! You block the redback's attack.
You see here a redback corpse.
You impale the redback!!
Your tail-slap misses the redback.
The redback is heavily wounded.
You block the redback's attack.
The redback bites you but does no damage.
You block the redback's attack. x2
You hit the redback.
The redback is severely wounded.
You block the redback's attack. The redback barely misses you.
The redback bites you but does no damage.
The redback bites you. x2
You are poisoned.
The redback poisons you! You block the redback's attack. x2
You closely miss the redback.
The redback is severely wounded.
You feel extremely sick. You block the redback's attack.
The redback bites you but does no damage.
You block the redback's attack. The redback barely misses you.
The redback bites you!
You are too injured to fight recklessly!
You puncture the redback! You tail-slap the redback.
The redback is almost dead.
* * * LOW HITPOINT WARNING * * *
You feel extremely sick. The redback bites you!!
* * * LOW HITPOINT WARNING * * *
You block the redback's attack. x3; The redback completely misses you.
The redback bites you but does no damage.
The redback bites you!
You die...

.........#.#.#X#x.#..#.#.#.#..#.#
..[.©....#.#.####x###.##.#.#.##x#
############.###########.########
...#©........#≈≈≈§8≈≈≈§#........©
...#########.###########.########
#..........#.#s..#.#..s#.#.......
#..........#.#..#...#..#.#.......
#########..#.#.##...##=#.#..#####
#8# #8#..#.##s@#.##.$#.#..#8# #
### ###..#©#.ss.©.#.©#©#..### #
#..####..#.##.)###..#
#....#.##...##.#....#
#....#..#...#..#....#
###..#...#.#...#..###
#8#..###########..#8#
###...............###
#≈.............≈#


You could see 3 redbacks.

Vanquished Creatures
  2 vault guards (Bailey)
  A hydra (Lair:3)
  2 catoblepae
  A two-headed ogre (D:10)
  Erica (Lair:1)
  A boulder beetle (Lair:4)
  2 skysharks
  Amaemon (Lair:2)
  2 bog bodies (Lair:3)
  A moth of wrath (Gauntlet)
  3 elephants (Lair:2)
  An orange demon (Lair:2)
  2 black mambas
  A gargoyle (D:10)
  10 cane toads
  3 rime drakes
  An unseen horror (D:9)
  2 komodo dragons
  A polar bear (Lair:3)
  A hornet (D:9)
  Prince Ribbit (Bailey)
  46 yaks
  A wraith (D:6)
  A shadow (D:9)
  Eustachio (D:6)
  4 wyverns
  A vampire mosquito (D:6)
  A basilisk (Lair:4)
  6 humans (Bailey)
  2 steam dragons
  A redback (Gauntlet)
  An acid dragon (D:10)
  An ice beast (D:5)
  11 water moccasins
  2 orc warriors
  2 black bears
  2 laughing skulls (Gauntlet)
  A sky beast (D:8)
  6 wolves (Lair:2)
  3 centaurs
  3 kobold brigands
  24 bullfrogs
  A gnoll sergeant (D:9)
  3 scorpions
  5 killer bees (D:9)
  A howler monkey (D:9)
  5 jellies
  6 hounds
  6 orc priests
  3 bombardier beetles
  2 sleepcaps
  Jessica (D:3)
  4 iguanas
  13 orc wizards
  5 gnolls
  10 adders
  A shadow imp (D:6)
  A white imp (D:5)
  An adder skeleton (D:2)
  3 ribbon worms
  2 dart slugs
  38 orcs
  7 ball pythons
  2 bat skeletons (D:2)
  7 endoplasms
  11 giant cockroaches
  6 goblins
  6 hobgoblins
  A jackal (D:3)
  18 kobolds
  2 quokkas
  2 ball python zombies (D:2)
  7 bats
  3 frilled lizards
  A quokka skeleton (D:2)
  6 rats
350 creatures vanquished.

Vanquished Creatures (others)
  A wyvern (Lair:2)
1 creature vanquished.

Grand Total: 351 creatures vanquished

Notes
Turn   | Place    | Note
-------+----------+-------------------------------------------
     0 | D:1      | Gadfly the Armataur Fighter began the quest for the Orb.
     0 | D:1      | Reached XP level 1. HP: 18/18 MP: 1/1
    79 | D:1      | Reached XP level 2. HP: 25/25 MP: 2/2
   114 | D:1      | Reached skill level 1 in Invocations
   290 | D:1      | Reached skill level 1 in Evocations
   570 | D:1      | Reached XP level 3. HP: 30/30 MP: 3/3
  1535 | D:3      | Noticed Jessica
  1542 | D:3      | Killed Jessica
  1543 | D:3      | Reached XP level 4. HP: 31/37 MP: 5/5
  1938 | D:3      | Reached XP level 5. HP: 30/45 MP: 6/6
  2176 | D:3      | Found a shimmering blue altar of Sif Muna.
  2176 | D:3      | Found a glowing golden altar of the Shining One.
  2177 | D:3      | Found an ornate altar of the Wu Jian Council.
  2188 | D:3      | Became a worshipper of the Shining One
  2370 | D:4      | Found an ancient bone altar of Kikubaaqudgha.
  2626 | D:4      | Reached XP level 6. HP: 51/51 MP: 7/7
  2756 | D:5      | Entered Level 5 of the Dungeon
  2762 | D:5      | Noticed an ice beast
  2907 | D:5      | Killed an ice beast
  2963 | D:5      | Gained mutation: You regenerate magic and health when
                  | rolling toward enemies. (Rampage Regen) [Armataur growth]
  2963 | D:5      | Reached XP level 7. HP: 41/57 MP: 9/9
  3040 | D:5      | HP: 2/57 [burnt (6)]
  3367 | D:5      | Reached * piety under the Shining One
  3409 | D:5      | Gained mutation: Your flesh is heat resistant. (rF+)
                  | [potion of mutation]
  3409 | D:5      | Gained mutation: Your mind is acute. (Int +4, Str/Dex -1)
                  | [potion of mutation]
  3409 | D:5      | Gained mutation: You are robust. (+10% HP) [potion of
                  | mutation]
  4048 | D:6      | Reached skill level 5 in Armour
  4163 | D:6      | Noticed Eustachio
  4175 | D:6      | Killed Eustachio
  4176 | D:6      | Reached XP level 8. HP: 72/72 MP: 9/11
  4176 | D:6      | Found Pukodic's Weapon Boutique.
  4270 | D:6      | Reached skill level 5 in Shields
  4509 | D:6      | Reached skill level 5 in Maces & Flails
  4509 | D:6      | Reached skill level 5 in Invocations
  4509 | D:6      | Reached skill level 5 in Evocations
  4987 | D:6      | Learned a level 3 spell: Swiftness
  4991 | D:7      | Found a staircase to the Ecumenical Temple.
  5008 | Temple   | Found a transporter.
  5008 | Temple   | Found a transporter.
  5008 | Temple   | Found a transporter.
  5008 | Temple   | Found a transporter.
  5008 | Temple   | Entered the Ecumenical Temple
  5226 | D:7      | Found Wuibb's Elemental Accessories.
  5502 | D:8      | Reached XP level 9. HP: 71/79 MP: 12/12
  5737 | D:8      | Found a staircase to the Lair.
  5737 | D:8      | Reached ** piety under the Shining One
  5807 | D:8      | Reached skill level 5 in Fighting
  5833 | D:8      | Reached XP level 10. HP: 36/89 MP: 14/14
  6798 | D:9      | Found a flagged portal.
  6811 | Bailey   | Entered a bailey
  7080 | Bailey   | Noticed Prince Ribbit
  7084 | Bailey   | Noticed a vault guard
  7117 | Bailey   | Killed a vault guard
  7125 | Bailey   | Killed Prince Ribbit
  7126 | Bailey   | Reached XP level 11. HP: 86/97 MP: 16/16
  7176 | Bailey   | Noticed a vault guard
  7188 | Bailey   | Killed a vault guard
  7827 | D:9      | Found a glowing silver altar of Zin.
  8065 | D:10     | Entered Level 10 of the Dungeon
  8250 | D:10     | Noticed a two-headed ogre
  8260 | D:10     | Killed a two-headed ogre
  8403 | D:10     | Found Ozab's Weapon Shoppe.
  8403 | D:10     | Found a staircase to the Orcish Mines.
  9230 | Lair:1   | Entered Level 1 of the Lair of Beasts
  9252 | Lair:1   | Reached *** piety under the Shining One
  9958 | Lair:1   | Noticed a catoblepas
  9972 | Lair:1   | Reached XP level 12. HP: 78/106 MP: 18/18
  9996 | Lair:1   | Killed a catoblepas
 10334 | Lair:1   | Noticed Erica
 10344 | Lair:1   | Killed Erica
 10700 | Lair:1   | You fall into a shaft and drop 1 floor!
 11168 | Lair:2   | Noticed a catoblepas
 11459 | Lair:2   | Noticed Amaemon
 11482 | Lair:2   | Killed Amaemon
 11839 | Lair:2   | Found a runed translucent gate.
 11840 | Lair:2   | Found a runed translucent gate.
 11841 | Lair:2   | Found a runed translucent gate.
 11842 | Lair:2   | Noticed spaghetti's ghost (journeyman DsHu)
 11843 | Lair:2   | Noticed hexenhour's ghost (journeyman HOFi)
 11844 | Lair:2   | Noticed lordive's ghost (journeyman GrEE)
 11846 | Lair:2   | Noticed surfboardsofcanada's ghost (journeyman VSFi)
 12020 | Lair:2   | Reached skill level 10 in Evocations
 12278 | Lair:2   | Reached skill level 10 in Invocations
 12556 | Lair:2   | Killed a catoblepas
 12773 | Lair:2   | Found a hole to the Spider Nest.
 12962 | Lair:2   | Learned a level 3 spell: Passwall
 13155 | Lair:3   | Reached **** piety under the Shining One
 13351 | Lair:3   | Found a staircase to the Swamp.
 13358 | Lair:3   | Reached XP level 13. HP: 67/117 MP: 20/20
 13845 | Lair:3   | Reached skill level 10 in Maces & Flails
 14426 | Lair:4   | Found a gate leading to a gauntlet.
 14588 | Gauntlet | Entered a Gauntlet
 14588 | Gauntlet | Found a transporter.
 14588 | Gauntlet | Found a transporter.
 14762 | Gauntlet | Found a transporter.
 14762 | Gauntlet | Found a transporter.
 14966 | Gauntlet | Found a transporter.
 14974 | Gauntlet | Found a transporter.
 14974 | Gauntlet | Found a transporter.
 14975 | Gauntlet | Noticed a dire elephant
 14977 | Gauntlet | Found a transporter.
 15004 | Gauntlet | Found a transporter.
 15033 | Gauntlet | Found a transporter.
 15055 | Gauntlet | Found a transporter.
 15100 | Gauntlet | Found a transporter.
 15114 | Gauntlet | Found a transporter.
 15114 | Gauntlet | Reached ***** piety under the Shining One
 15215 | Gauntlet | Found a transporter.
 15236 | Gauntlet | Found a transporter.
 15245 | Gauntlet | Found a transporter.
 15877 | Gauntlet | Slain by a redback

Illustrated notes

Levels and vault maps discovered:
D:1:      dpeg_arrival_stonehenge_12_columns, layout_loops_ring,
          minmay_worlds_worst_comb
D:2:      layout_basic, serial_undead, serial_undead_a, serial_undead_a,
          serial_undead_e, serial_undead_f
D:3:      layout_rooms, chequers_temple_overflow_statue_of_worship,
          minmay_divided_ellipse, uniq_jessica
D:4:      nicolae_cairo_tiling_large_dashed, layout_rooms, lemuel_round_altar
D:5:      layout_rooms
D:6:      layout_cave_pools, serial_shops, nicolae_shop_rolling_square,
          minmay_small_thing, uniq_eustachio
D:7:      layout_rooms, minmay_temple_entry_slanted, minmay_strange_pillars,
          nicolae_elemental_shop
D:8:      layout_gridville, minmay_lair_entry_grove
D:9:      layout_irregular_city, lemuel_doored_altar, enter_bailey_4,
          kennysheep_pointless_box
D:10:     layout_loops_corners, orc_david_3
Temple:   hellmonk_temple_divided_pantheon
Lair:1:   layout_small_grid, serial_bayou_shore_a, uniq_erica
Lair:2:   layout_hall_layers, dummy_spider_entry, gammafunk_ghost_cemetery,
          guppyfry_lair_drakes, grunt_megastairs_3, uniq_amaemon
Lair:3:   layout_chaotic_city, skrybe_swamp_entry_bodies
Lair:4:   layout_cave_pods, nicolae_slime_entry_slimehenge, basic_altar,
          gauntlet_entry_generic, uniq_sonja
Gauntlet: gammafunk_gauntlet_branching [gammafunk_gauntlet_arena_open,
          gammafunk_gauntlet_arena_hedges, nicolae_gauntlet_arena_flowing_pool,
          nicolae_gauntlet_swirl, gammafunk_gauntlet_arena_mazey,
          gammafunk_gauntlet_arena_chambers, nicolae_gauntlet_arena_t_cross,
          gammafunk_gauntlet_arena_crates, gauntlet_exit_hidden_loot]

Skill      XL: |  1  2  3  4  5  6  7  8  9 10 11 12 13 |
---------------+----------------------------------------+-----
Maces & Flails | 2 3 4 5 6 7 8 9 10 | 10.1
Invocations    | 1 2 3 4 5 6 7 9 10 | 10.8
Evocations     | 1 2 3 4 5 6 8 9 10 | 10.8
Armour         | 4 5 6 7 8 9 |  9.8
Fighting       | 3 4 5 6 7 |  7.8
Shields        | 4 5 6 7 8 9 |  9.1

Action                     |  1- 3 |  4- 6 |  7- 9 | 10-12 | 13-15 || total
---------------------------+-------+-------+-------+-------+-------++-------
  Melee: Flail             |   133 |   177 |    79 |       |       ||   389
         Tailslap          |    14 |    20 |    51 |   161 |    26 ||   272
         Hand axe          |       |       |    53 |       |       ||    53
         Mace              |       |       |    53 |       |       ||    53
         Morningstar       |       |       |    76 |   746 |    92 ||   914
 Invoke: Divine Shield     |       |       |       |     2 |       ||     2
  Evoke: Wand              |       |       |       |     6 |     3 ||     9
    Use: Scroll            |     5 |     4 |     5 |    10 |     3 ||    27
         Potion            |       |       |     4 |       |       ||     4
 Armour: Scale mail        |    98 |   146 |   218 |     9 |       ||   471
         Plate armour      |       |       |       |   866 |   150 ||  1016
         Chain mail        |       |       |       |     2 |       ||     2
  Dodge: Dodged            |    52 |    52 |    51 |   134 |    22 ||   311
  Block: Buckler           |    25 |    35 |       |       |       ||    60
         Kite shield       |       |    57 |   277 |   890 |   113 ||  1337
         Reflection        |       |       |     7 |     9 |       ||    16
